 Dungeon Crawl Stone Soup version 0.31-a0-981-geadf994542 (webtiles) character file.

Game seed: 12020471477187612268

171 night the Vexing (level 5, -7/37 HPs)
             Began as a Demonspawn Hexslinger on Oct 31, 2023.
             Mangled by a gnoll
             ... wielding a +0 flail
              (10 damage)
             ... on level 4 of the Dungeon.
             The game lasted 00:07:18 (3049 turns).

night the Vexing (Demonspawn Hexslinger)            Turns: 3049, Time: 00:07:19

Health: -7/37      AC:  3    Str:  8    XL:     5   Next: 26%
Magic:  5/8        EV: 12    Int: 17    God:
Gold:   139        SH:  0    Dex: 15    Spells: 3/8 levels left

rFire   . . .        n - +0 orcbow
rCold   . . .        (shield currently unavailable)
rNeg    . . .        c - +0 robe
rPois   .            (helmet restricted)
rElec   .            (no cloak)
rCorr   .            (no gloves)
SInv    +            (no boots)
Will    .....        (no amulet)
Stlth   +            o - ring of see invisible
HPRegen 0.26/turn    (no ring)
MPRegen 0.11/turn

%: no passive effects
@: weak-willed
A: antennae 1, foul stench 1, powered by pain 1, sharp scales 1
a: no special abilities


You were on level 4 of the Dungeon.
You visited 1 branch of the dungeon, and saw 4 of its levels.

You collected 184 gold pieces.
You spent 45 gold pieces at shops.

Inventory:

Hand Weapons
 a - a +1 sling
 h - a +4 dagger
 n - a +0 orcbow (weapon)
Missiles
 g - 56 stones
Armour
 c - a +0 robe (worn)
 e - a +0 ring mail
Jewellery
 o - a ring of see invisible (left hand)
Wands
 r - a wand of roots (8)
 t - a wand of flame (15)
Scrolls
 b - 2 scrolls of poison
 j - 2 scrolls of identify
 k - a scroll of blinking
 m - a scroll of immolation
 p - a scroll of teleportation
 s - a scroll of acquirement
Potions
 d - a potion of haste {unknown}
 f - a potion of heal wounds {unknown}
 i - a potion of enlightenment {unknown}
 l - a potion of magic {unknown}


   Skills:
 - Level 1.0 Fighting
 * Level 3.7 Ranged Weapons
 - Level 1.7 Dodging
 + Level 2.3 Spellcasting
 + Level 3.9 Hexes
 - Level 0.8 Fire Magic


You had 3 spell levels left.
You knew the following spells:

 Your Spells              Type           Power      Damage    Failure   Level
a - Jinxbite              Hex            30%        N/A       5%          2
b - Sigil of Binding      Hex            15%        N/A       11%         3

Your spell library contained the following spells:

 Spells                   Type           Power      Damage    Failure   Level
 Inner Flame              Hex/Fire       10%        N/A       21%         3
 Static Discharge         Conj/Air       4%         3-4/arc   28%         2
 Cause Fear               Hex            7%         N/A       36%         4
 Dimensional Bullseye     Hex/Tloc       4%         N/A       63%         4
 Airstrike                Air            1%         2d(1-17)  88%         4
 Summon Lightning Spire   Summ/Air       2%         N/A       88%         4


Dungeon Overview and Level Annotations

Branches:
Dungeon (4/15)
 Temple: D:4-7

Altars:
Wu Jian

Shops:
D:1 !   D:2 [


Innate Abilities, Weirdness & Mutations

You have a pair of small antennae on your head.
You may rarely emit foul miasma when damaged in melee.
You sometimes gain a little power by taking damage.
You are partially covered in razor-sharp scales. (AC +1, Slay +1)


Message History

The gnoll is moderately wounded.
The jinxing sprites lose interest in you.
The gnoll moves over your binding sigil and is bound in place!
You shoot an arrow.
The arrow hits the gnoll but does no damage.
The gnoll is moderately wounded.
The gnoll misses you.
You shoot an arrow. The arrow hits the gnoll.
The gnoll is severely wounded.
The gnoll seems less drained.
The gnoll hits you with a +0 club. The gnoll barely misses you.
The gnoll hits you with a +0 whip.
A gnoll comes into view. It is wielding a +0 flail.
The gnoll misses you.
You shoot an arrow. The gnoll shouts!
The arrow hits the gnoll but does no damage.
The gnoll is severely wounded.
The gnoll's lost momentum returns!
The gnoll hits you with a +0 club. The gnoll hits you with a +0 whip.
You shoot an arrow.
The arrow hits the gnoll but does no damage.
The gnoll is severely wounded.
The gnoll hits you with a +0 club. The gnoll hits you with a +0 whip.
You shoot an arrow. The arrow hits the gnoll!
You kill the gnoll!
The gnoll barely misses you.
You shoot an arrow. The arrow hits the gnoll.
The gnoll is lightly wounded.
The gnoll hits you with a +0 flail. The gnoll closely misses you.
You shoot an arrow. The arrow hits the gnoll!
The gnoll is severely wounded.
The gnoll barely misses you. x2
You shoot an arrow. The arrow hits the gnoll.
The gnoll is almost dead.
The gnoll hits you with a +0 flail.
* * * LOW HITPOINT WARNING * * *
The gnoll hits you with a +0 club!
* * * LOW HITPOINT WARNING * * *
You emit a cloud of foul miasma!
The gnoll hits you with a +0 flail!
You die...

#### #... ..
#... ... #..#
..# ##.###..#
... gg..g...#
#.# #)# #.#
#g####.# #
#@g....# .#
######.##.##
####......##
+........>...
####...#..###
#..##..#
#.###..# #.#
#..# #+#
#.###..#


You could see 2 gnolls.

Vanquished Creatures
  A jelly (D:3)
  5 gnolls (D:4)
  5 adders
  A worm (D:3)
  A dart slug (D:2)
  6 ball pythons
  An endoplasm (D:1)
  2 giant cockroaches
  5 goblins
  4 hobgoblins
  6 jackals
  2 kobolds
  A quokka (D:3)
  5 bats
  4 frilled lizards
  3 rats
52 creatures vanquished.

Notes
Turn   | Place    | Note
-------+----------+-------------------------------------------
     0 | D:1      | night the Demonspawn Hexslinger began the quest for the
                  | Orb.
     0 | D:1      | Reached XP level 1. HP: 15/15 MP: 2/2
    60 | D:1      | Reached skill level 2 in Ranged Weapons
   214 | D:1      | Gained mutation: You are partially covered in razor-sharp
                  | scales. (AC +1, Slay +1) [demonic ancestry]
   214 | D:1      | Reached XP level 2. HP: 21/21 MP: 3/3
   483 | D:1      | Found Zyopnyi's Distillery.
   487 | D:1      | Learned a level 2 spell: Jinxbite
  1245 | D:2      | Gained mutation: You sometimes gain a little power by
                  | taking damage. [demonic ancestry]
  1245 | D:2      | Reached XP level 3. HP: 26/26 MP: 5/5
  1360 | D:2      | Learned a level 3 spell: Sigil of Binding
  1913 | D:2      | Found Egeof's Armour Shop.
  1922 | D:2      | Bought a +0 helmet for 45 gold pieces
  1979 | D:3      | Found an ornate altar of the Wu Jian Council.
  2067 | D:3      | Gained mutation: You may rarely emit foul miasma when
                  | damaged in melee. [demonic ancestry]
  2067 | D:3      | Reached XP level 4. HP: 32/32 MP: 3/6
  2381 | D:3      | Reached skill level 2 in Spellcasting
  2681 | D:3      | Identified a scroll of acquirement
  2856 | D:3      | Found a faded altar of an unknown god.
  2976 | D:4      | Gained mutation: You have a pair of small antennae on your
                  | head. [demonic ancestry]
  2976 | D:4      | Reached XP level 5. HP: 37/37 MP: 6/8
  3049 | D:4      | HP: 3/37 [gnoll/+0 club (7)]
  3049 | D:4      | Mangled by a gnoll

Illustrated notes

Levels and vault maps discovered:
D:1:      heliophobic_arrival_battle_scene, layout_basic, serial_shops,
          nicolae_shop_peninsula, minmay_misc_feat_x
D:2:      layout_basic, serial_shops, shop, kennysheep_generic_room_7
D:3:      layout_rooms, elyvilon_altar_3, nzn_wu_jian_contemplation,
          dreamdust_ecumenical_altar_hidden_monk_grotto
D:4:      layout_loops_corners, mainiacjoe_overflow_concentric_impassable,
          mainiacjoe_sewer_entry_somewhere_in_here_2

Skill      XL: |  1  2  3  4 |
---------------+-------------+-----
Ranged Weapons | 2 3 |  3.7
Spellcasting   | 2 |  2.3
Fighting       | |  1.0
Dodging        | |  1.7
Hexes          | |  3.9
Fire Magic     | |  0.8

Action                     |  1- 3 |  4- 6 || total
---------------------------+-------+-------++-------
   Fire: Sling             |    46 |       ||    46
         Orcbow            |    36 |    53 ||    89
   Cast: Jinxbite          |     8 |     9 ||    17
         Sigil of Binding  |     2 |     4 ||     6
    Use: Scroll            |       |     5 ||     5
 Armour: Robe              |    14 |    16 ||    30
         Ring mail         |     2 |       ||     2
  Dodge: Dodged            |    19 |    22 ||    41

Table legend: (Time is in decaauts)
 A = Elapsed time spent in this place.
 B = Non-inter-level travel time spent in this place.
 C = Inter-level travel time spent in this place.
 D = Time resting spent in this place.
 E = Time spent auto-exploring this place.
 F = Levels seen in this place.
 G = Mean time per level.
                   A        B        C        D        E       F      G
               +--------+--------+--------+--------+--------+-----+--------+
         Total |   3092 |   3015 |     77 |     27 |   2594 |   4 |  773.0 |
       Dungeon |   3092 |   3015 |     77 |     27 |   2594 |   4 |  773.0 |
               +--------+--------+--------+--------+--------+-----+--------+

Top non-repeatable levels by time:
     D:2: 1149 daAuts
     D:3: 981 daAuts
     D:1: 845 daAuts
     D:4: 115 daAuts
